3AAA
MONONGAHELA MONSTERS @ SALT LAKE CITY BUZZ
07/01/2042
 
TOP OF THE 1ST
Monongahela Monsters batting - Pitching for Salt Lake City Buzz : RHP Masao Myoga
Pitching: RHP Masao Myoga
Batting: RHB Román García 0-0: Ball
1-0: Foul Ball, location: 2F
1-1: Fly out, F8 (Flyball, 8RD, EV 79.4 MPH)
Batting: RHB Richello Oliva 0-0: Called Strike
0-1: SINGLE (Groundball, 56, EV 85.6 MPH) (infield hit)
Batting: LHB Max Sinclair 0-0: Fielders Choice at 2nd, 4-6 (Groundball, 34, EV 106.2 MPH)
Batting: LHB Royce Foster 0-0: Ball
Wild Pitch!
Max Sinclair to second
1-0: SINGLE (Line Drive, 78S, EV 88.1 MPH)
Max Sinclair to third
Runner from 3rd tries for Home, SAFE, no throw by LF
Batting: RHB Colt Allen 0-0: Called Strike
Royce Foster is caught stealing 2nd base 2-4
Top of the 1st over - 1 run, 2 hits, 0 errors, 0 left on base; Monongahela 1 - Salt Lake City 0
BOTTOM OF THE 1ST
Salt Lake City Buzz batting - Pitching for Monongahela Monsters : RHP Ean Somoza
Pitching: RHP Ean Somoza
Batting: LHB Huibrecht Bloemheuvel 0-0: Swinging Strike
0-1: Ball
1-1: Ball
2-1: Ball
3-1: Base on Balls
Batting: RHB Vinnie Nuyten 0-0: Ball
1-0: Foul Ball, location: 2F
1-1: Fly out, F9 (Flyball, 89S, EV 91.2 MPH)
Batting: RHB Juan Neváres 0-0: Ball
1-0: Called Strike
1-1: Ball
2-1: Foul Ball, location: 2F
2-2: Strikes out swinging
Batting: LHB Aaron Day 0-0: Swinging Strike
0-1: Ball
1-1: Swinging Strike
1-2: Strikes out swinging
Bottom of the 1st over - 0 runs, 0 hits, 0 errors, 1 left on base; Monongahela 1 - Salt Lake City 0
TOP OF THE 2ND
Monongahela Monsters batting - Pitching for Salt Lake City Buzz : RHP Masao Myoga
Batting: RHB Colt Allen 0-0: Called Strike
0-1: Ball
1-1: Swinging Strike
1-2: Ball
2-2: Fly out, F8 (Flyball, 8RD, EV 93.8 MPH)
Batting: RHB Li-ren Ku 0-0: SOLO HOME RUN (Flyball, 7D, EV 107.5 MPH), Distance : 388 ft
Batting: LHB Alec Hall 0-0: Ball
1-0: Ball
2-0: Called Strike
2-1: Ball
3-1: Foul Ball, location: 2F
3-2: Foul Ball, location: 2F
3-2: Foul Ball, location: 2F
3-2: Foul Ball, location: 2F
3-2: Strikes out looking
Batting: RHB Koi-sho Xú 0-0: Foul Ball, location: 2F
0-1: Ball
1-1: Swinging Strike
1-2: Ball
2-2: DOUBLE (Line Drive, 78D, EV 105.0 MPH)
Batting: RHB Roger Snodgrass 0-0: Ball
1-0: Ball
2-0: Ball
3-0: Called Strike
3-1: Swinging Strike
3-2: Foul Ball, location: 2F
3-2: Ground out 4-3 (Groundball, 4, EV 102.5 MPH)
Top of the 2nd over - 1 run, 2 hits, 0 errors, 1 left on base; Monongahela 2 - Salt Lake City 0
BOTTOM OF THE 2ND
Salt Lake City Buzz batting - Pitching for Monongahela Monsters : RHP Ean Somoza
Batting: RHB John Mayasich 0-0: Swinging Strike
0-1: Ball
1-1: Ball
2-1: Foul Ball, location: 2F
2-2: Strikes out swinging
Batting: RHB Alexis Hines 0-0: Ball
1-0: Swinging Strike
1-1: Foul Ball, location: 2F
1-2: Ball
2-2: Strikes out swinging
Batting: LHB Glenn Lockhart 0-0: Ball
1-0: Ball
2-0: SINGLE (Groundball, 4D, EV 95.6 MPH)
Batting: RHB Jun-soo Yi 0-0: Ball
1-0: Ball
2-0: Called Strike
2-1: SINGLE (Groundball, 56D, EV 103.8 MPH)
Glenn Lockhart to second
Batting: SHB Cheong-hun Kang 0-0: Ball
1-0: Ball
2-0: Fly out, F9 (Flyball, 9S, EV 90.6 MPH)
Bottom of the 2nd over - 0 runs, 2 hits, 0 errors, 2 left on base; Monongahela 2 - Salt Lake City 0
TOP OF THE 3RD
Monongahela Monsters batting - Pitching for Salt Lake City Buzz : RHP Masao Myoga
Batting: RHB Román García 0-0: Ball
1-0: Ball
2-0: Foul Ball, location: 2F
2-1: Fly out, F7 (Flyball, 7LSF, EV 92.5 MPH)
Batting: RHB Richello Oliva 0-0: Ball
1-0: Ball
2-0: Swinging Strike
2-1: Swinging Strike
2-2: Strikes out swinging
Batting: LHB Max Sinclair 0-0: Foul Ball, location: 2F
0-1: Ball
1-1: Ball
2-1: Ball
3-1: Base on Balls
Batting: LHB Royce Foster 0-0: Foul Ball, location: 2F
0-1: Ball
1-1: Ball
2-1: Foul Ball, location: 2F
2-2: Strikes out swinging
Top of the 3rd over - 0 runs, 0 hits, 0 errors, 1 left on base; Monongahela 2 - Salt Lake City 0
BOTTOM OF THE 3RD
Salt Lake City Buzz batting - Pitching for Monongahela Monsters : RHP Ean Somoza
Batting: LHB Huibrecht Bloemheuvel 0-0: Ball
1-0: Called Strike
1-1: SINGLE (Line Drive, 89M, EV 101.9 MPH)
Batting: RHB Vinnie Nuyten 0-0: SINGLE (Flyball, 7LS, EV 96.2 MPH)
Huibrecht Bloemheuvel to second
Batting: RHB Juan Neváres 0-0: Reached on error, E3 (Groundball, 34, EV 87.5 MPH)
Huibrecht Bloemheuvel to third
Vinnie Nuyten to second
Batting: LHB Aaron Day 0-0: SINGLE (Groundball, 4D, EV 95.0 MPH)
Huibrecht Bloemheuvel scores
Vinnie Nuyten to third
Juan Neváres to second
Runner from 3rd tries for Home, SAFE, throw by CF to home
Batting: RHB John Mayasich 0-0: Called Strike
0-1: Ball
1-1: Foul Ball, location: 2F
1-2: Strikes out swinging
Batting: RHB Alexis Hines 0-0: Ball
1-0: Foul Ball, location: 2F
1-1: Ball
2-1: Ball
3-1: Called Strike
3-2: Strikes out swinging
Batting: LHB Glenn Lockhart 0-0: Ball
1-0: Swinging Strike
1-1: Ball
2-1: Ball
3-1: Base on Balls
Juan Neváres to third
Aaron Day to second
Batting: RHB Jun-soo Yi 0-0: Called Strike
0-1: Foul Ball, location: 2F
0-2: Ball
1-2: Ball
2-2: Foul Ball, location: 2F
2-2: Foul Ball, location: 2F
2-2: Foul Ball, location: 2F
2-2: Ball
Wild Pitch!
Juan Neváres scores
Aaron Day to third
Glenn Lockhart to second
3-2: SINGLE (Line Drive, 9S, EV 93.8 MPH)
Aaron Day scores
Glenn Lockhart to third
Glenn Lockhart scores
Pitching: RHP Ivano Carbonetti
Batting: SHB Cheong-hun Kang 0-0: Ball
1-0: Ball
2-0: Ball
3-0: Called Strike
3-1: Swinging Strike
3-2: Ground out 4-3 (Groundball, 34D, EV 106.9 MPH)
Bottom of the 3rd over - 5 runs, 4 hits, 1 error, 1 left on base; Monongahela 2 - Salt Lake City 5
TOP OF THE 4TH
Monongahela Monsters batting - Pitching for Salt Lake City Buzz : RHP Masao Myoga
Batting: RHB Colt Allen 0-0: Called Strike
0-1: Ground out 1-3 (Groundball, 15S, EV 61.2 MPH)
Batting: RHB Li-ren Ku 0-0: Called Strike
0-1: Foul Ball, location: 2F
0-2: Ball
1-2: Ball
2-2: Foul Ball, location: 2F
2-2: Foul Ball, location: 2F
2-2: Foul Ball, location: 2F
2-2: Ball
3-2: Strikes out swinging
Batting: LHB Alec Hall 0-0: Ball
1-0: Ball
2-0: Fly out, F4 (Popup, 4M, EV 54.4 MPH)
Top of the 4th over - 0 runs, 0 hits, 0 errors, 0 left on base; Monongahela 2 - Salt Lake City 5
BOTTOM OF THE 4TH
Salt Lake City Buzz batting - Pitching for Monongahela Monsters : RHP Ivano Carbonetti
Batting: LHB Huibrecht Bloemheuvel 0-0: Called Strike
0-1: Swinging Strike
0-2: Ball
1-2: Ball
2-2: Ball
3-2: Ground out 4-3 (Groundball, 34, EV 86.9 MPH)
Batting: RHB Vinnie Nuyten 0-0: SOLO HOME RUN (Flyball, 7LD, EV 102.5 MPH), Distance : 354 ft
Batting: RHB Juan Neváres 0-0: Called Strike
0-1: Ball
1-1: Called Strike
1-2: Ball
2-2: Ball
3-2: Foul Ball, location: 2F
3-2: Base on Balls
Batting: LHB Aaron Day 0-0: Ball
1-0: Ball
2-0: Ball
3-0: Base on Balls
Juan Neváres to second
Batting: RHB John Mayasich 0-0: Called Strike
0-1: Ball
1-1: Called Strike
1-2: Foul Ball, location: 2F
1-2: Foul Ball, location: 2F
1-2: Ball
2-2: Ball
3-2: Base on Balls
Juan Neváres to third
Aaron Day to second
Batting: RHB Alexis Hines 0-0: Ball
1-0: Ball
2-0: Foul Ball, location: 2F
2-1: Foul Ball, location: 2F
2-2: Foul Ball, location: 2F
2-2: Ball
3-2: Strikes out swinging
Batting: LHB Glenn Lockhart 0-0: Swinging Strike
0-1: Ball
1-1: Ground out 3-1 (Groundball, 34S, EV 78.8 MPH)
Bottom of the 4th over - 1 run, 1 hit, 0 errors, 3 left on base; Monongahela 2 - Salt Lake City 6
TOP OF THE 5TH
Monongahela Monsters batting - Pitching for Salt Lake City Buzz : RHP Masao Myoga
Pitching: RHP Dahab Kanda
Batting: RHB Koi-sho Xú 0-0: Ground out 6-3 (Groundball, 56, EV 105.0 MPH)
Batting: RHB Roger Snodgrass 0-0: DOUBLE (Line Drive, 3D, EV 96.2 MPH)
Batting: RHB Román García 0-0: Called Strike
0-1: Swinging Strike
0-2: Foul Ball, location: 2F
0-2: Strikes out swinging
Batting: RHB Richello Oliva 0-0: Ball
1-0: Foul Ball, location: 2F
1-1: Called Strike
1-2: Foul Ball, location: 2F
1-2: Foul Ball, location: 2F
1-2: Strikes out looking
Top of the 5th over - 0 runs, 1 hit, 0 errors, 1 left on base; Monongahela 2 - Salt Lake City 6
BOTTOM OF THE 5TH
Salt Lake City Buzz batting - Pitching for Monongahela Monsters : RHP Ivano Carbonetti
Batting: RHB Jun-soo Yi 0-0: Ball
1-0: Ball
2-0: Ball
3-0: Base on Balls
Batting: SHB Cheong-hun Kang 0-0: Ball
1-0: Fielders Choice at 2nd, 4-6 (Groundball, 34, EV 103.1 MPH)
Batting: LHB Huibrecht Bloemheuvel 0-0: Foul Ball, location: 2F
0-1: Called Strike
0-2: Ball
1-2: Ball
2-2: Fielders Choice at 2nd, 4-6 (Groundball, 4, EV 88.1 MPH)
Batting: RHB Vinnie Nuyten 0-0: Fly out, F9 (Flyball, 9, EV 76.2 MPH)
Bottom of the 5th over - 0 runs, 0 hits, 0 errors, 1 left on base; Monongahela 2 - Salt Lake City 6
TOP OF THE 6TH
Monongahela Monsters batting - Pitching for Salt Lake City Buzz : RHP Dahab Kanda
Batting: LHB Max Sinclair 0-0: Called Strike
0-1: Ball
1-1: Called Strike
1-2: Ball
2-2: Foul Ball, location: 2F
2-2: Foul Ball, location: 2F
2-2: Ground out 6-3 (Groundball, 6, EV 78.1 MPH)
Batting: LHB Royce Foster 0-0: Ball
1-0: Swinging Strike
1-1: Fly out, F2 (Popup, 15S, EV 89.4 MPH)
Batting: RHB Colt Allen 0-0: Called Strike
0-1: Swinging Strike
0-2: Strikes out swinging
Top of the 6th over - 0 runs, 0 hits, 0 errors, 0 left on base; Monongahela 2 - Salt Lake City 6
BOTTOM OF THE 6TH
Salt Lake City Buzz batting - Pitching for Monongahela Monsters : RHP Ivano Carbonetti
Batting: RHB Juan Neváres 0-0: Swinging Strike
0-1: Foul Ball, location: 2F
0-2: Foul Ball, location: 2F
0-2: Ball
1-2: Ball
2-2: Foul Ball, location: 2F
2-2: Ball
3-2: Base on Balls
Pitching: RHP Joel Baxter
Batting: LHB Aaron Day 0-0: Swinging Strike
0-1: Called Strike
0-2: Foul Ball, location: 2F
0-2: Ball
1-2: Strikes out swinging
Batting: RHB John Mayasich 0-0: Ball
1-0: Swinging Strike
1-1: Ball
2-1: Called Strike
2-2: Strikes out looking
Batting: RHB Alexis Hines 0-0: Called Strike
Juan Neváres is caught stealing 2nd base 2-4
Bottom of the 6th over - 0 runs, 0 hits, 0 errors, 0 left on base; Monongahela 2 - Salt Lake City 6
TOP OF THE 7TH
Monongahela Monsters batting - Pitching for Salt Lake City Buzz : RHP Dahab Kanda
Batting: RHB Li-ren Ku 0-0: Ground out 4-3 (Groundball, 4, EV 90.0 MPH)
Batting: LHB Alec Hall 0-0: Called Strike
0-1: Foul Ball, location: 2F
0-2: Strikes out looking
Batting: RHB Koi-sho Xú 0-0: Ground out 1-3 (Groundball, P, EV 69.4 MPH)
Top of the 7th over - 0 runs, 0 hits, 0 errors, 0 left on base; Monongahela 2 - Salt Lake City 6
BOTTOM OF THE 7TH
Salt Lake City Buzz batting - Pitching for Monongahela Monsters : RHP Joel Baxter
Batting: RHB Alexis Hines 0-0: Ball
1-0: Ball
2-0: DOUBLE (Line Drive, 7LM, EV 103.1 MPH)
Batting: LHB Glenn Lockhart 0-0: Called Strike
0-1: Ball
1-1: Sac Bunt to 23 - play at first, batter OUT! 3-4
Alexis Hines to third
Batting: RHB Jun-soo Yi 0-0: Ball
1-0: Ball
2-0: Ball
3-0: Called Strike
3-1: Base on Balls
Batting: SHB Cheong-hun Kang 0-0: Ball
1-0: Foul Ball, location: 2F
1-1: Ball
2-1: Fly out, F1 (Line Drive, P, EV 65.0 MPH)
Batting: LHB Huibrecht Bloemheuvel 0-0: SINGLE (Line Drive, 89S, EV 108.1 MPH)
Alexis Hines scores
Jun-soo Yi to second
Batting: RHB Vinnie Nuyten 0-0: Swinging Strike
0-1: Ball
1-1: Foul Ball, location: 2F
1-2: Ball
2-2: Ball
3-2: Ground out 1-3 (Groundball, 13, EV 76.9 MPH)
Bottom of the 7th over - 1 run, 2 hits, 0 errors, 2 left on base; Monongahela 2 - Salt Lake City 7
TOP OF THE 8TH
Monongahela Monsters batting - Pitching for Salt Lake City Buzz : RHP Dahab Kanda
Batting: RHB Roger Snodgrass 0-0: Called Strike
0-1: Foul Ball, location: 2F
0-2: Ball
1-2: Ball
2-2: Ball
3-2: Base on Balls
Batting: RHB Román García 0-0: Ball
1-0: Ball
2-0: Called Strike
2-1: Ball
3-1: Foul Ball, location: 2F
3-2: Base on Balls
Roger Snodgrass to second
Batting: RHB Richello Oliva 0-0: Fly out, F8 (Line Drive, 8RM, EV 98.8 MPH)
Batting: LHB Max Sinclair 0-0: Fielders Choice at 2nd, 3-6 (Groundball, 34, EV 99.4 MPH)
Roger Snodgrass to third
Batting: LHB Royce Foster 0-0: SINGLE (Groundball, 4D, EV 101.9 MPH)
Roger Snodgrass scores
Max Sinclair to second
Runner from 2nd tries for 3rd, SAFE, throw by CF made to third
Batting: RHB Colt Allen 0-0: Ball
1-0: Called Strike
1-1: Swinging Strike
1-2: DOUBLE (Line Drive, 78M, EV 88.1 MPH)
Max Sinclair scores
Royce Foster to third
Runner from 3rd tries for Home, SAFE, no throw by CF
Pitching: RHP Corbin Holling
Batting: RHB Li-ren Ku 0-0: Ground out 6-3 (Groundball, 6S, EV 91.9 MPH)
Top of the 8th over - 3 runs, 2 hits, 0 errors, 1 left on base; Monongahela 5 - Salt Lake City 7
BOTTOM OF THE 8TH
Salt Lake City Buzz batting - Pitching for Monongahela Monsters : RHP Joel Baxter
Batting: RHB Juan Neváres 0-0: Ball
1-0: Ground out 4-3 (Groundball, 4, EV 81.9 MPH)
Batting: LHB Aaron Day 0-0: Foul Ball, location: 2F
0-1: Called Strike
0-2: Ball
1-2: Ground out U3 (Groundball, 3D, EV 86.2 MPH)
Batting: RHB John Mayasich 0-0: Ball
1-0: Ball
2-0: Fly out, F8 (Flyball, 8LXD, EV 101.9 MPH)
Bottom of the 8th over - 0 runs, 0 hits, 0 errors, 0 left on base; Monongahela 5 - Salt Lake City 7
TOP OF THE 9TH
Monongahela Monsters batting - Pitching for Salt Lake City Buzz : RHP Corbin Holling
Batting: LHB Alec Hall 0-0: Called Strike
0-1: Ball
1-1: Foul Ball, location: 2F
1-2: Ball
2-2: Strikes out looking
Batting: RHB Koi-sho Xú 0-0: Ground out 1-3 (Groundball, 13, EV 86.9 MPH)
Batting: RHB Roger Snodgrass 0-0: Called Strike
0-1: Ball
1-1: Ball
2-1: Fly out, F1 (Line Drive, P, EV 76.2 MPH)
Top of the 9th over - 0 runs, 0 hits, 0 errors, 0 left on base; Monongahela 5 - Salt Lake City 7
Friday, March 26th, 2021 - OOTP Baseball 20.8 Build 74